 Dungeon Crawl Stone Soup version 0.29-a0-284-gf9362112df (webtiles) character file.

Game seed: 10204686910973542364

364 spaghetti the Sneak (level 6, -2/39 HPs)
             Began as an Octopode Warper on Mar 24, 2022.
             Slain by a phantom (4 damage)
             ... on level 6 of the Dungeon.
             The game lasted 00:04:24 (2275 turns).

spaghetti the Sneak (Octopode Warper)               Turns: 2275, Time: 00:04:25

Health: -2/39      AC:  1    Str: 10 (11) XL:     6   Next: 67%
Magic:  9/9        EV: 13    Int: 17 (19) God:
Gold:   45         SH:  0    Dex: 10 (11) Spells: 4/9 levels left

rFire   + . .      SeeInvis .   a - +1 short sword {short}
rCold   . . .      Faith    .   (no shield)
rNeg    . . .      Spirit   .   (helmet restricted)
rPois   .          Reflect  .   (no amulet)
rElec   .          Harm     .   (no ring)
rCorr   .          Rampage  .   (no ring)
Will    .....                   (no ring)
Stlth   ++++......              (no ring)
HPRegen 0.13/turn               (no ring)
MPRegen 0.11/turn               (no ring)
                                (no ring)
                                (no ring)

@: no status effects
A: almost no armour, amphibious, 8 rings, camouflage 1, gelatinous body 1,
(nimble swimmer 1), tentacles, antennae 1, clever 1, deterioration 1, fire
resistance 1
a: no special abilities


You were on level 6 of the Dungeon.
You visited 1 branch of the dungeon, and saw 5 of its levels.

You collected 45 gold pieces.


Innate Abilities, Weirdness & Mutations

You cannot wear most types of armour.
You are amphibious.
You can wear up to eight rings at the same time.
Your skin changes colour to match your surroundings (Stealth+).
Your rubbery body absorbs attacks. (AC +1, EV +1)
((You are camouflaged when in or above water. (Stealth+)))
You have tentacles for arms and can constrict up to eight enemies at once.
You have a pair of small antennae on your head.
Your mind is acute. (Int +2)
Your body sometimes deteriorates upon taking damage.
Your flesh is heat resistant. (rF+)


   Skills:
 - Level 2.0 Fighting
 + Level 4.4 Short Blades
 - Level 1.0 Throwing
 - Level 2.3 Dodging
 + Level 5.4 Stealth
 - Level 2.0 Spellcasting
 + Level 4.4 Translocations


You had 4 spell levels left.
You knew the following spells:

 Your Spells              Type           Power      Damage    Failure   Level
a - Blink                 Tloc           32%        N/A       4%          2
b - Teleport Other        Tloc           16%        N/A       10%         3

Your spell library contained the following spells:

 Spells                   Type           Power      Damage    Failure   Level
 Gell's Gravitas          Tloc           16%        N/A       10%         3
 Lesser Beckoning         Tloc           16%        N/A       10%         3
 Manifold Assault         Tloc           16%        N/A       65%         5

Inventory:

Hand Weapons
 a - a +1 short sword (weapon) {short}
Missiles
 g - 46 stones (quivered) {throwing}
 i - 4 poisoned darts {throwing}
 p - 4 boomerangs {throwing}
Scrolls
 f - a scroll of immolation {!r!r}
 m - a scroll of amnesia
 n - a scroll of torment {!r}

Dungeon Overview and Level Annotations

Branches:
Dungeon (6/15)
 Temple: D:4-7

Altars:
Elyvilon

#.## #.# #.W. #.# ####
#.# #.# #### #.# #...
#### #.# #.##
...#...#####.# #.#
#.....@W....########.#
###...#####......†...#
##.# ############ #. #


You could see a phantom.


Message History

Unknown command.
Throw: 47 stones {throwing}
Press: ? - help, Q - select action, (/) - cycle Shift-Dir - straight line, f - phantom
Aim: a phantom (43% to hit)
You throw a stone {throwing}.
The phantom misses you. 😮 HP[+1] Unknown command.
Unknown command.
Throw: throwing net {=f!fthrowing}
Press: ? - help, Shift-Dir - straight line, f - phantom
Aim: a phantom (43% to hit, immune to nets)
You throw a throwing net {=f!fthrowing}.
The throwing net {=f!fthrowing} barely misses the phantom.
The phantom closely misses you.
Okay, then.
You aren't carrying any items that you can evoke.
Okay, then.
Okay, then.
The phantom attacks as you move away! The phantom hits you.
* * * LOW HITPOINT WARNING * * *
Your body deteriorates!
You feel dopey. 😨 HP[-5]
You take 5 damage, and now have 15/39 hp.
A hound comes into view. 😨 HP[+1]
The hound bites you.
* * * LOW HITPOINT WARNING * * *
The hound bites you but does no damage. 😨 HP[-3]
You take 3 damage, and now have 13/39 hp.
Really read
b - a scroll of blinking {!r}?
Blink to where?
Press: ? - help, Dir - move target, p - phantom
As you read the scroll of blinking {!r}, it crumbles to dust. 😨 HP[+1]
The hound bites you.
* * * LOW HITPOINT WARNING * * *
The hound barely misses you. 😨 HP[-3]
You take 3 damage, and now have 11/39 hp.
The hound bites you.
* * * LOW HITPOINT WARNING * * *
😱 HP[-2]
You take 2 damage, and now have 9/39 hp. 😨 HP[+1]
The hound closely misses you.
You feel better. The hound barely misses you. The hound bites you.
* * * LOW HITPOINT WARNING * * *
😨 HP[+3]
You regained 3 hp, and now have 13/39 hp.
Okay, then.
You aren't carrying any items that you can evoke.
Cast which spell? (? or * to list)
You don't know that spell.
You hit the hound. Your grab misses the hound.
The hound bites you but does no damage.
You closely miss the hound. You grab the hound. You constrict the hound.
The hound closely misses you.
You hit the hound.
You constrict the hound, but do no damage.
The hound barely misses you. The hound bites you.
* * * LOW HITPOINT WARNING * * *
😨 HP[-1]
You take 1 damage, and now have 12/39 hp.
You hit the hound but do no damage.
You constrict the hound, but do no damage.
The hound bites you.
* * * LOW HITPOINT WARNING * * *
Your body deteriorates!
You feel dopey. 😱 HP[-5]
You take 5 damage, and now have 7/39 hp.
You hit the hound. You constrict the hound. The hound bites you.
* * * LOW HITPOINT WARNING * * *
😱 HP[-1]
You take 1 damage, and now have 6/39 hp.
You hit the hound but do no damage. You squeeze the hound.
You kill the hound!
The phantom attacks as you move away! The phantom closely misses you.
An adder comes into view.
The helpless adder fails to defend itself.
You puncture the adder!
You kill the adder!
The phantom completely misses you. 😱 HP[+1]
You see here an adder corpse.
The phantom attacks as you move away! The phantom hits you.
* * * LOW HITPOINT WARNING * * *
Your body deteriorates!
You feel clumsy. 😱 HP[-6]
You take 6 damage, and now have 1/39 hp.
Okay, then.
You aren't carrying any potions.
Cast which spell? (? or * to list)
You don't know that spell.
The phantom attacks as you move away!
The phantom completely misses you. 😱 HP[+1]
You see here 14 stones {throwing}.
The phantom attacks as you move away! The phantom hits you.
You die...

Skill      XL: |  1  2  3  4  5  6 |
---------------+-------------------+-----
Stealth        | 1 2 3 4 5 |  5.4
Short Blades   | 3 4 |  4.4
Translocations | 4 |  4.4
Fighting       | |  2.0
Throwing       | |  1.0
Dodging        | |  2.3
Spellcasting   | |  2.0

Action                   |  1- 3 |  4- 6 || total
-------------------------+-------+-------++-------
Melee: Short sword       |    70 |    40 ||   110
       Constrict         |    14 |    11 ||    25
       Tentacles         |    10 |     8 ||    18
       Punch             |     1 |     2 ||     3
Throw: Boomerang         |       |     7 ||     7
       Stone             |       |     1 ||     1
       Throwing net      |       |     1 ||     1
  Use: Potion            |       |     8 ||     8
       Scroll            |       |     7 ||     7
 Stab: Sleeping          |    13 |     4 ||    17
Armor: Skin              |     3 |     4 ||     7
Dodge: Dodged            |    33 |    35 ||    68

Levels and vault maps discovered:
D:1:      dpeg_arrival_houses_and_road, layout_loops_ring, minmay_cupped
D:2:      layout_basic, uniq_sigmund
D:3:      layout_basic, mainiacjoe_overflow_big_doors, basic_ecumenical_altar,
          minmay_fractal_squares_gapless_5, uniq_grinder
D:5:      layout_rooms, kennysheep_mini, general_overflow_altar,
          old_standard_altar
D:6:      layout_loops_ring, elyvilon_altar_5, mainiacjoe_overflow_cross_hatched

Notes
Turn   | Place    | Note
-------+----------+-------------------------------------------
     0 | D:1      | spaghetti the Octopode Warper began the quest for the Orb.
     0 | D:1      | Reached XP level 1. HP: 14/14 MP: 3/3
     0 | D:1      | magus.rc [v1.9.6]
    61 | D:1      | Reached skill level 1 in Stealth
    71 | D:1      | You pick up a book of Displacement and begin reading...
   106 | D:1      | Reached XP level 2. HP: 16/19 MP: 5/5
   117 | D:1      | Reached skill level 2 in Stealth
   356 | D:1      | Learned a level 2 spell: Blink
   619 | D:1      | Reached XP level 3. HP: 24/24 MP: 6/6
   623 | D:1      | Learned a level 3 spell: Teleport Other
  1098 | D:2      | Reached skill level 3 in Short Blades
  1098 | D:2      | Reached skill level 3 in Stealth
  1131 | D:2      | Reached XP level 4. HP: 19/29 MP: 7/7
  1760 | D:2      | Noticed Sigmund
  1777 | D:2      | HP: 6/29 [Sigmund/+0 scythe (13)]
  1783 | D:2      | Killed Sigmund
  1784 | D:2      | Reached skill level 4 in Short Blades
  1784 | D:2      | Reached skill level 4 in Stealth
  1784 | D:2      | Reached skill level 4 in Translocations
  1784 | D:2      | Reached XP level 5. HP: 15/34 MP: 8/8
  1784 | D:2      | Reached XP level 6. HP: 18/39 MP: 9/9
  2173 | D:3      | You fall into a shaft and drop 2 floors!
  2173 | D:5      | Entered Level 5 of the Dungeon
  2175 | D:5      | Reached skill level 5 in Stealth
  2181 | D:5      | Gained mutation: Your body sometimes deteriorates upon
                  | taking damage. [potion of mutation]
  2181 | D:5      | Gained mutation: Your flesh is heat resistant. (rF+)
                  | [potion of mutation]
  2181 | D:5      | Gained mutation: You have a pair of small antennae on your
                  | head. [potion of mutation]
  2181 | D:5      | Gained mutation: Your mind is acute. (Int +2) [potion of
                  | mutation]
  2221 | D:6      | Found a white marble altar of Elyvilon.
  2245 | D:6      | HP: 9/39 [hound (2)]
  2253 | D:6      | HP: 7/39 [hound (5)]
  2266 | D:6      | HP: 1/39 [phantom (6)]
  2275 | D:6      | Slain by a phantom

Vanquished Creatures
  Sigmund (D:2)
  2 hounds
  An orc priest (D:5)
  An orc wizard (D:5)
  3 adders
  2 worms (D:2)
  A dart slug (D:1)
  3 orcs (D:5)
  5 endoplasms (D:1)
  3 giant cockroaches (D:1)
  2 goblins
  5 hobgoblins
  A jackal (D:1)
  4 quokkas
  2 ball pythons (D:1)
  3 bats
  5 frilled lizards (D:1)
  6 kobolds
  2 rats (D:1)
52 creatures vanquished.

Table legend:
 A = Non-vault XP
 B = Vault XP
 C = Vault XP percentage of total XP
 D = Non-vault monster count
 E = Vault monster count
 F = Vault count percentage of total count
                 A         B        C        D         E       F
            +---------+---------+-------+---------+---------+-------
      Total |     285 |     235 |  45.2 |      48 |       4 |   7.7
            +---------+---------+-------+---------+---------+-------
        D:1 |      49 |       4 |   7.5 |      29 |       3 |   9.4
        D:2 |      52 |     231 |  81.6 |      11 |       1 |   8.3
        D:5 |     128 |       0 |   0.0 |       6 |       0 |   0.0
        D:6 |      56 |       0 |   0.0 |       2 |       0 |   0.0
            +---------+---------+-------+---------+---------+-------

Illustrated notes

Table legend:
 A = Kills in this place as a percentage of kills in entire the game.
 B = Kills by you in this place as a percentage of kills by you in the entire game.
 C = Kills by friends in this place as a percentage of kills by friends in the entire game.
 D = Other kills in this place as a percentage of other kills in the entire game.
 E = Experience gained in this place as a percentage of experience gained in the entire game.
 F = Experience gained in this place divided by the number of levels of this place that you have seen.
                   A       B       C       D       E      F
               +-------+-------+-------+-------+-------+----------------------
         Total | 100.0 | 100.0 |   N/A |   N/A | 100.0 | 104.0
       Dungeon | 100.0 | 100.0 |   N/A |   N/A | 100.0 | 104.0
               +-------+-------+-------+-------+-------+----------------------

Table legend: (Time is in decaauts)
 A = Elapsed time spent in this place.
 B = Non-inter-level travel time spent in this place.
 C = Inter-level travel time spent in this place.
 D = Time resting spent in this place.
 E = Time spent auto-exploring this place.
 F = Levels seen in this place.
 G = Mean time per level.
                   A        B        C        D        E       F      G
               +--------+--------+--------+--------+--------+-----+--------+
         Total |   2270 |   2253 |     17 |    510 |   1331 |   5 |  454.0 |
       Dungeon |   2270 |   2253 |     17 |    510 |   1331 |   5 |  454.0 |
               +--------+--------+--------+--------+--------+-----+--------+

Top non-repeatable levels by time:
     D:2: 1169 daAuts
     D:1: 999 daAuts
     D:6: 53 daAuts
     D:5: 46 daAuts
     D:3: 1 daAuts
